 Dungeon Crawl Stone Soup version 0.29-a0-121-g8efb068a30 (webtiles) character file.

Game seed: 12574681715505760659

154 Grim the Chopper (level 5, -1/45 HPs)
             Began as a Hill Orc Fighter on Feb 20, 2022.
             Killed by nerve-wracking pain
             ... invoked by an orc priest
              (14 damage)
             ... on level 3 of the Dungeon.
             The game lasted 00:02:28 (2740 turns).

Grim the Chopper (Hill Orc Fighter)                 Turns: 2740, Time: 00:02:28

Health: -1/45      AC:  8    Str: 19    XL:     5   Next: 36%
Magic:  5/5        EV:  9    Int: 10    God:
Gold:   147        SH:  4    Dex: 10    Spells: 4/4 levels left

rFire   . . .      SeeInvis .   a - +0 war axe
rCold   . . .      Faith    .   c - +0 buckler
rNeg    . . .      Spirit   .   b - +0 scale mail
rPois   .          Reflect  .   (no helmet)
rElec   .          Harm     .   n - +0 cloak
rCorr   .          Rampage  .   (no gloves)
Will    .....                   (no boots)
Stlth   ..........              (no amulet)
HPRegen 0.15/turn               (no ring)
MPRegen 0.09/turn               (no ring)

@: mighty
A: no striking features
a: Convert to Beogh


You were on level 3 of the Dungeon.
You visited 1 branch of the dungeon, and saw 3 of its levels.

You collected 147 gold pieces.

Inventory:

Hand Weapons
 a - a +0 war axe (weapon)
Missiles
 j - 5 boomerangs (quivered)
Armour
 b - a +0 scale mail (worn)
 c - a +0 buckler (worn)
 n - a +0 cloak (worn)
Jewellery
 h - a ring of fire
Wands
 o - a wand of digging (5)
Scrolls
 e - a scroll of summoning {unknown}
 f - a scroll of enchant weapon {unknown}
 g - a scroll of immolation {unknown}
 k - 2 scrolls of identify {unknown}
 l - a scroll of fog {unknown}
 m - 2 scrolls of acquirement {unknown}
Potions
 d - 2 potions of might
 i - a potion of haste {unknown}
 p - a potion of curing {unknown}


   Skills:
 - Level 3.6 Fighting
 + Level 7.1 Axes
 - Level 3.2 Armour
 - Level 3.2 Shields


You had 4 spell levels left.
You didn't know any spells.
Your spell library contained the following spells:

 Spells                   Type           Power      Damage    Failure   Level
 Sandblast                Erth           0%         2d4       83%         1
 Passwall                 Tmut/Erth      0%         N/A       92%         2
 Stone Arrow              Conj/Erth      0%         3d7       99%         3


Dungeon Overview and Level Annotations

Branches:
Dungeon (3/15)

Altars:
Kikubaaqudgha


Message History

Found a robe.
Found a ring mail.
There is a stone staircase leading down here.
An orc priest and 2 orcs come into view.
The orc priest shouts, "Join the one true god or die!" (press Y on the ability menu to convert to Beogh)
The orc priest shouts!
The orc shouts! x2
The orc priest calls down the wrath of Beogh upon you.
Beogh smites you!
You hit the orc.
The orc is moderately wounded.
The orc hits you but does no damage.
You closely miss the orc.
The orc is moderately wounded.
The orc closely misses you.
You closely miss the orc.
The orc is moderately wounded.
The orc hits you but does no damage.
You completely miss the orc.
The orc is moderately wounded.
The orc hits you with a +0 hand axe. The orc hits you but does no damage.
You closely miss the orc.
The orc is moderately wounded.
The orc hits you with a +0 hand axe.
* * * LOW HITPOINT WARNING * * *
The orc priest calls down the wrath of Beogh upon you.
Beogh smites you!
* * * LOW HITPOINT WARNING * * *
You closely miss the orc.
The orc is moderately wounded.
You block the orc's attack.
Unknown command.
You feel very mighty all of a sudden. The orc hits you but does no damage.
You slash the orc!
You kill the orc!
You barely miss the orc priest.
The orc priest mumbles some strange prayers to Beogh against you.
Pain shoots through your body!
You die...

########## #.....oo@.#
#.#######.# #.# #.# #.#####
#.######### #.#...#
#.........#
#########.#.#.#####.....[.#
...)..)............>......#
#########.<..###.###......#
#.#....#.# #...[..#


You could see an orc priest and an orc.

Vanquished Creatures
  Crazy Yiuf (D:2)
  A gnoll (D:2)
  6 adders
  A dart slug (D:2)
  4 orcs (D:3)
  8 bats
  2 endoplasms
  5 giant cockroaches
  3 goblins
  7 hobgoblins
  3 jackals (D:2)
  4 kobolds
  5 ball pythons
  2 frilled lizards
  2 rats (D:1)
54 creatures vanquished.

Vanquished Creatures (others)
  2 fungi (D:2)
2 creatures vanquished.

Grand Total: 56 creatures vanquished

Notes
Turn   | Place    | Note
-------+----------+-------------------------------------------
     0 | D:1      | Grim the Hill Orc Fighter began the quest for the Orb.
     0 | D:1      | Reached XP level 1. HP: 19/19 MP: 1/1
    37 | D:1      | Reached skill level 3 in Axes
   180 | D:1      | Reached XP level 2. HP: 26/26 MP: 2/2
   394 | D:1      | Reached skill level 4 in Axes
   426 | D:1      | Found a faded altar of an unknown god.
   900 | D:2      | Reached XP level 3. HP: 30/31 MP: 3/3
   905 | D:2      | Found an ancient bone altar of Kikubaaqudgha.
  1011 | D:2      | Reached skill level 5 in Axes
  1501 | D:2      | Reached XP level 4. HP: 37/39 MP: 4/4
  1597 | D:2      | Found a runed translucent door.
  1598 | D:2      | Noticed Crazy Yiuf
  1766 | D:2      | Reached skill level 6 in Axes
  2324 | D:2      | Killed Crazy Yiuf
  2325 | D:2      | Reached XP level 5. HP: 27/45 MP: 5/5
  2666 | D:3      | Reached skill level 7 in Axes
  2740 | D:3      | Killed from afar by an orc priest

Illustrated notes

Levels and vault maps discovered:
D:1:      nzn_arrival_water_spiral, layout_basic,
          ebering_ecumenical_altar_abandoned
D:2:      kb_forest_paths, layout_basic, basic_altar, uniq_crazy_yiuf_cottage
D:3:      layout_basic, minmay_misc_feat_more_columns

Skill      XL: |  1  2  3  4  5 |
---------------+----------------+-----
Axes           | 3 4 5 6 7 |  7.1
Fighting       | |  3.6
Armour         | |  3.2
Shields        | |  3.2

Action                   |  1- 3 |  4- 6 || total
-------------------------+-------+-------++-------
Melee: War axe           |    75 |    83 ||   158
  Use: Potion            |       |     1 ||     1
Armor: Scale mail        |    30 |    32 ||    62
Dodge: Dodged            |    48 |    44 ||    92
Block: Buckler           |    19 |    12 ||    31

Table legend: (Time is in decaauts)
 A = Elapsed time spent in this place.
 B = Non-inter-level travel time spent in this place.
 C = Inter-level travel time spent in this place.
 D = Time resting spent in this place.
 E = Time spent auto-exploring this place.
 F = Levels seen in this place.
 G = Mean time per level.
                   A        B        C        D        E       F      G
               +--------+--------+--------+--------+--------+-----+--------+
         Total |   2781 |   2750 |     31 |    403 |   1954 |   3 |  927.0 |
       Dungeon |   2781 |   2750 |     31 |    403 |   1954 |   3 |  927.0 |
               +--------+--------+--------+--------+--------+-----+--------+

Top non-repeatable levels by time:
     D:2: 1619 daAuts
     D:1: 880 daAuts
     D:3: 282 daAuts
